 Seeded DCSS version 0.28-a0-1206-g193881aaa2 (webtiles) character file.

Game seed: 20211221 (custom seed)

14 WhamHam the Ruffian (level 2, -2/25 HPs)
             Began as a Ghoul Gladiator on Dec 21, 2021.
             Slain by an adder (4 damage)
             ... on level 2 of the Dungeon.
             The game lasted 00:08:32 (388 turns).

WhamHam the Ruffian (Ghoul Gladiator)                Turns: 388, Time: 00:08:32

Health: -2/25      AC:  4    Str: 17    XL:     2   Next: 41%
Magic:  1/1        EV: 12    Int:  3    God:
Gold:   0          SH:  0    Dex: 10    Spells: 1/1 levels left

rFire   . . .      SeeInvis .   g - +0 spear
rCold   + . .      Faith    .   (no shield)
rNeg    + + +      Spirit   .   a - +0 leather armour
rPois   ∞          Reflect  .   b - +0 helmet
rElec   .          Harm     .   (no cloak)
rCorr   .          Rampage  .   (no gloves)
Will    .....                   (no boots)
Stlth   +.........              (no amulet)
HPRegen 0.00/turn               (no ring)
MPRegen 0.07/turn               (no ring)

@: inhibited regen
A: claws 1, cold resistance 1, negative energy resistance 3, inhibited
regeneration, torment resistance 2
a: no special abilities


You were on level 2 of the Dungeon.
You visited 1 branch of the dungeon, and saw 2 of its levels.

Inventory:

Hand Weapons
 g - a +0 spear (weapon)
Missiles
 c - 3 throwing nets (quivered)
 d - 23 stones
Armour
 a - a +0 leather armour (worn)
 b - a +0 helmet (worn)
 h - a +0 robe
Potions
 e - a potion of flight {unknown}
 f - a potion of ambrosia {unknown}


   Skills:
 + Level 2.3 Fighting
 + Level 0.2 Short Blades
 + Level 1.8 Throwing
 + Level 3.0 Dodging
 + Level 3.5 Unarmed Combat


You had one spell level left.
You didn't know any spells.
Your spell library was empty.

Dungeon Overview and Level Annotations

Branches:
Dungeon (2/15)

Altars:
Zin


Innate Abilities, Weirdness & Mutations

You thrive by killing the living.
You are immune to poison.
You have sharp fingernails.
Your flesh is cold resistant. (rC+)
You are immune to negative energy. (rN+++)
You do not regenerate when monsters are visible.
You are immune to unholy pain and torment.


Message History

The hobgoblin hits you but does no damage.
You hit the hobgoblin.
You kill the hobgoblin!
You see here a hobgoblin corpse.
An adder comes into view.
The adder moves out of view.
There is a stone staircase leading up here.
You climb upwards.
There is a stone staircase leading down here.
You climb downwards.
There is a stone staircase leading up here.
Found an inky potion.
Found 17 gold pieces.
The adder hisses angrily.
The adder bites you but does no damage.
You miss the adder. The adder barely misses you.
You closely miss the adder. The adder bites you. The adder closely misses you.
You closely miss the adder. The adder closely misses you.
You miss the adder. The adder bites you but does no damage.
The adder completely misses you.
You miss the adder. The adder barely misses you.
You barely miss the adder. The adder bites you but does no damage.
You miss the adder. The adder bites you.
* * * LOW HITPOINT WARNING * * *
The adder bites you.
* * * LOW HITPOINT WARNING * * *
You hit the adder.
The adder is moderately wounded.
The adder bites you.
* * * LOW HITPOINT WARNING * * *
You barely miss the adder.
The adder is moderately wounded.
The adder bites you but does no damage. The adder barely misses you.
You miss the adder.
The adder is moderately wounded.
The adder bites you but does no damage.
You closely miss the adder.
The adder is moderately wounded.
The adder bites you.
You die...

#.... ....# ##... .
#... #.. ###..#
.$..##....####
.............######
#..S@.......<..###
....!.######..#.....##
.###. ##.##.....### #
#.#####..... #.#
####.. #.# #.† ..# ###
#.. #.. ....##..
#.....


You could see an adder.

Vanquished Creatures
  A dart slug (D:1)
  An endoplasm (D:1)
  A giant cockroach (D:1)
  A hobgoblin (D:2)
  A ball python (D:1)
  2 bats (D:1)
  2 goblins
  A kobold (D:1)
  3 rats (D:1)
13 creatures vanquished.

Notes
Turn   | Place    | Note
-------+----------+-------------------------------------------
     0 | D:1      | WhamHam the Ghoul Gladiator began the quest for the Orb.
     0 | D:1      | Reached XP level 1. HP: 17/17 MP: 0/0
   150 | D:1      | Reached XP level 2. HP: 18/24 MP: 1/1
   388 | D:2      | Slain by an adder

Illustrated notes

Levels and vault maps discovered:
D:1:      eino_arrival_cavern_b, layout_loops_ring, basic_ecumenical_altar,
          kennysheep_minor_cross, minmay_misc_feat_rugged
D:2:      layout_rooms, basic_altar, uniq_terence

Skill      XL: |  1  2 |
---------------+-------+-----
Dodging        | 3 |  3.0
Fighting       | |  2.3
Short Blades   | |  0.2
Throwing       | |  1.8
Unarmed Combat | |  3.5

Action                   || total
-------------------------++-------
Melee: Short sword       ||    40
       Spear             ||    24
  Use: Scroll            ||     4
Armor: Leather armour    ||    18
Dodge: Dodged            ||    39

Table legend: (Time is in decaauts)
 A = Elapsed time spent in this place.
 B = Non-inter-level travel time spent in this place.
 C = Inter-level travel time spent in this place.
 D = Time resting spent in this place.
 E = Time spent auto-exploring this place.
 F = Levels seen in this place.
 G = Mean time per level.
                   A        B        C        D        E       F      G
               +--------+--------+--------+--------+--------+-----+--------+
         Total |    395 |    273 |    122 |      0 |      0 |   2 |  197.5 |
       Dungeon |    395 |    273 |    122 |      0 |      0 |   2 |  197.5 |
               +--------+--------+--------+--------+--------+-----+--------+

Top non-repeatable levels by time:
     D:1: 345 daAuts
     D:2: 50 daAuts
